 Seeded DCSS version 0.30-a0-857-gcaf70739d4 (webtiles) character file.

Game seed: 18242870539230726858 (custom seed)

38119 bmack86 the Severer (level 13, 0/117 HPs)
             Began as a Minotaur Fighter on Mar 6, 2023.
             Was a High Priest of Okawaru.
             Slain by a skyshark (11 damage)
             ... on level 4 of the Lair of Beasts.
             The game lasted 00:38:24 (12639 turns).

bmack86 the Severer (Minotaur Fighter)             Turns: 12639, Time: 00:38:25

Health: 0/117      AC: 32    Str: 28    XL:     13   Next: 62%
Magic:  18/18      EV:  5    Int:  8    God:    Okawaru [*****.]
Gold:   955        SH:  7    Dex: 14    Spells: 12/12 levels left

rFire   . . .      SeeInvis .    M - +3 broad axe (flame)
rCold   + + .      Faith    .    c - +0 buckler
rNeg    + . .      Spirit   .    b - +1 crystal plate armour of Okawaru's Inspiration {rPois rN+ Int+3}
rPois   +          Reflect  .    Q - +3 hat of Autumn {*Corrode Dex+4}
rElec   .          Rampage  .    H - +2 cloak
rCorr   .                        (no gloves)
Will    +....                    j - +2 pair of boots {Fly} Stlth
                                 l - amulet of regeneration
HPRegen 1.19/turn                q - ring of poison resistance
MPRegen 0.16/turn                E - ring "Lutsiwie" {Drain rC++ Will+ Str+2 Stlth+}

@: flying
A: horns 2, retaliatory headbutt
a: Renounce Religion, Heroism, Finesse, Duel


You were on level 4 of the Lair of Beasts.
You worshipped Okawaru.
Okawaru was extremely pleased with you.
You visited 2 branches of the dungeon, and saw 14 of its levels.
You also visited: Bailey.

You collected 1266 gold pieces.
You spent 311 gold pieces at shops.

Inventory:

Hand Weapons
 i - a +7 vampiric broad axe
 M - a +3 broad axe of flaming (weapon)
Missiles
 d - 2 javelins
 k - a throwing net
 r - 24 boomerangs (quivered)
 L - 2 silver javelins
Armour
 b - the +1 crystal plate armour of Okawaru's Inspiration (worn) {rPois rN+ Int+3}
   (Okawaru gifted it to you on level 4 of the Lair of Beasts)

   Int:       It affects your intelligence (+3).
   rPois:     It protects you from poison.
   rN:        It protects you from negative energy.
 c - a +0 buckler (worn)
 j - a +2 pair of boots of flying (worn)
 v - a scarf of resistance
 D - a +1 chain mail of willpower
 H - a +2 cloak (worn)
 Q - the +3 hat of Autumn (worn) {*Corrode Dex+4}
   (Okawaru gifted it to you on level 10 of the Dungeon)

   Dex:       It affects your dexterity (+4).
   *Corrode:  It may corrode you when you take damage.
Jewellery
 a - an amulet of faith
 l - an amulet of regeneration (around neck)
 q - a ring of poison resistance (left hand)
 w - a ring of ice
 E - the ring "Lutsiwie" (right hand) {Drain rC++ Will+ Str+2 Stlth+}
   (You acquired it on level 5 of the Dungeon)

   [ring of willpower]

   Str:       It affects your strength (+2).
   rC:        It greatly protects you from cold.
   Drain:     It drains your maximum health when unequipped.
   Will:      It increases your willpower.
   Stlth:     It makes you more stealthy.
 S - a +6 ring of dexterity
 U - a +6 ring of dexterity
Wands
 G - a wand of mindburst (28)
 K - a wand of roots (14)
 V - a wand of acid (4)
Scrolls
 f - 3 scrolls of fear
 n - 3 scrolls of teleportation
 s - a scroll of poison
 u - 3 scrolls of immolation
 x - 3 scrolls of blinking
 N - a scroll of magic mapping
 O - a scroll of silence
 P - 2 scrolls of amnesia
 T - 3 scrolls of identify
Potions
 m - 2 potions of haste
 o - 2 potions of invisibility
 z - a potion of magic
 A - 4 potions of curing
 I - 4 potions of heal wounds
 R - 2 potions of cancellation
 W - a potion of brilliance
 X - a potion of resistance
 Z - a potion of flight


   Skills:
 + Level 11.6 Fighting
 * Level 15.4 Axes
 + Level 8.8 Throwing
 + Level 11.7 Armour
 + Level 11.7 Shields
 + Level 8.7 Invocations


You had 12 spell levels left.
You didn't know any spells.
Your spell library contained the following spells:

 Spells                   Type           Power      Damage    Failure   Level
 Kiss of Death            Conj/Necr      0%         2d5       100%        1
 Magic Dart               Conj           0%         1d3       100%        1
 Lesser Beckoning         Tloc           0%         N/A       100%        2
 Confusing Touch          Hex            0%         N/A       100%        3
 Gell's Gravitas          Tloc           0%         N/A       100%        3
 Hailstorm                Conj/Ice       0%         3d3       100%        3
 Mephitic Cloud           Conj/Pois/Air  0%         N/A       100%        3
 Portal Projectile        Hex/Tloc       0%         N/A       100%        3
 Teleport Other           Tloc           0%         N/A       100%        3
 Dispel Undead            Necr           0%         3d6       100%        4
 Ice Form                 Ice/Tmut       0%         N/A       100%        4
 Blade Hands              Tmut           0%         N/A       100%        5
 Call Imp                 Summ           Unusable   N/A       N/A         2
 Tukima's Dance           Hex            Unusable   N/A       N/A         3
 Simulacrum               Ice/Necr       Unusable   N/A       N/A         6

Dungeon Overview and Level Annotations

Branches:
Dungeon (10/15)            Temple (0/1) D:6            Lair (4/5) D:10
  Swamp (0/4) Lair:3        Snake (0/4) Lair:3          Orc (0/2) D:10
 Bailey (visited)
  Slime: Lair:4-5

Altars:
Cheibriados
Gozag
Okawaru
Ru
Wu Jian

Shops:
D:1 ((*[*   D:2 *   D:6 *

Annotations:
Lair:3 3 runed translucent doors, Uroushin's ghost, journeyman GnEn


Innate Abilities, Weirdness & Mutations

You have a pair of horns on your head.
You reflexively headbutt those who attack you in melee.


Message History

The skyshark is heavily wounded.
The skyshark bites you!
* * * LOW HITPOINT WARNING * * *
You block the skyshark's attack. The skyshark tail-slaps you.
* * * LOW HITPOINT WARNING * * *
You feel much better. The skyshark bites you!!
* * * LOW HITPOINT WARNING * * *
The skyshark tail-slaps you but does no damage.
You block the skyshark's attack. x2; The skyshark tail-slaps you.
* * * LOW HITPOINT WARNING * * *
The skyshark tail-slaps you but does no damage.
You feel much better.
The skyshark bites you but does no damage.
The skyshark tail-slaps you.
* * * LOW HITPOINT WARNING * * *
The skyshark tail-slaps you but does no damage.
You slice the skyshark!! You burn the skyshark!
You headbutt the skyshark, but do no damage.
The skyshark is severely wounded.
You block the skyshark's attack. The skyshark tail-slaps you.
* * * LOW HITPOINT WARNING * * *
You block the skyshark's attack. The skyshark bites you.
* * * LOW HITPOINT WARNING * * *
The skyshark tail-slaps you but does no damage. x2
You hit the skyshark but do no damage.
The skyshark is severely wounded.
The skyshark bites you but does no damage.
The skyshark tail-slaps you but does no damage.
The skyshark tail-slaps you!
* * * LOW HITPOINT WARNING * * *
You slash the skyshark! You burn the skyshark.
The skyshark is severely wounded.
The skyshark bites you but does no damage.
The skyshark tail-slaps you.
* * * LOW HITPOINT WARNING * * *
The skyshark tail-slaps you but does no damage.
You closely miss the skyshark.
The skyshark is severely wounded.
The skyshark bites you!
You die...

.........P
...##..####...........P#
........#.... P.........
............##P.........
....................#...
.......?................
........................
.......l....#...........
.......@...##...........
............#...........
........#..†......#.....
.......##.............##
##..### ###............#
### ###...........
#........<..
##.......(.. ##.........


You could see a skyshark (berserk).

Vanquished Creatures
  An orc warlord (Bailey)
  3 hydras
  The ghost of Newt the Markskobold, a journeyman KoHu of Hepliaklqana (D:10)
  A catoblepas (Lair:1)
  A boulder beetle (Lair:2)
  3 two-headed ogres (D:9)
  Erica (Lair:2)
  9 death yaks
  The ghost of FacelessVoid the Covert, a novice KoBr of Dithmenos (D:8)
  A skyshark (Lair:3)
  Sonja (Lair:3)
  The ghost of demibob the Tainter, a novice DsVM of Sif Muna (D:7)
  Pikel (D:8)
  2 orc knights (Bailey)
  2 oklob plants (Lair:3)
  7 elephants
  Maurice (D:8)
  2 black mambas
  7 cane toads
  A rime drake (Lair:2)
  Maggie (D:10)
  3 komodo dragons
  2 trolls (D:10)
  2 polar bears
  7 blink frogs (Lair:2)
  A vampire (D:10)
  A spriggan (Lair:1)
  Sigmund (D:2)
  2 shadows
  3 wraiths (D:10)
  4 wyverns
  19 yaks
  4 basilisks
  5 steam dragons
  8 vampire mosquitoes
  2 acid dragons (D:10)
  6 water moccasins
  5 black bears
  7 orc warriors
  An ogre (D:4)
  A sky beast (D:7)
  13 wolves
  2 centaurs
  3 phantoms
  A lemure (D:8)
  2 kobold brigands
  11 bullfrogs
  A scorpion (D:4)
  8 wights
  6 killer bees
  4 howler monkeys
  4 electric eels (D:8)
  3 hounds
  A jelly (D:7)
  4 orc priests
  3 gnoll boudas
  5 iguanas
  2 hell rats (D:10)
  A sleepcap (D:5)
  11 orc wizards
  22 gnolls
  8 adders
  A shadow imp (D:6)
  2 white imps
  An ufetubus (D:6)
  A worm (D:2)
  2 dart slugs
  31 orcs
  7 ball pythons
  6 endoplasms
  7 giant cockroaches
  19 goblins
  6 hobgoblins
  7 quokkas
  9 bats
  15 frilled lizards
  31 kobolds
  8 rats
400 creatures vanquished.

Vanquished Creatures (others)
  7 fungi
  24 plants
31 creatures vanquished.

Grand Total: 431 creatures vanquished

Notes
Turn   | Place    | Note
-------+----------+-------------------------------------------
     0 | D:1      | bmack86 the Minotaur Fighter began the quest for the Orb.
     0 | D:1      | Reached XP level 1. HP: 19/19 MP: 0/0
   264 | D:1      | Reached XP level 2. HP: 27/27 MP: 1/1
   265 | D:1      | Found Iczoal's Antique Armour Shop.
   377 | D:1      | Found Mapt's Weapon Shop.
   385 | D:1      | Reached skill level 3 in Axes
   430 | D:1      | Found Ridunu's General Store.
   558 | D:1      | Found Gaux's General Store.
   570 | D:1      | Bought a scroll of identify for 24 gold pieces
   740 | D:1      | Found Mazynewu's Weapon Shoppe.
   839 | D:2      | Reached XP level 3. HP: 33/33 MP: 2/2
   921 | D:2      | Noticed Sigmund
   932 | D:2      | Killed Sigmund
   933 | D:2      | Reached skill level 4 in Axes
   933 | D:2      | Reached XP level 4. HP: 3/41 MP: 3/3
   933 | D:2      | Reached XP level 5. HP: 4/47 MP: 4/4
  1256 | D:2      | Found Qerurash's Assorted Antiques.
  1271 | D:2      | Bought a thin malachite amulet for 125 gold pieces
  1496 | D:2      | Reached skill level 5 in Axes
  1513 | D:2      | Identified the +0 leather armour of Xuytoo {rF++ rN+}
  1679 | D:2      | Reached XP level 6. HP: 39/55 MP: 5/5
  2190 | D:3      | Reached skill level 5 in Fighting
  2190 | D:3      | Reached skill level 5 in Shields
  2191 | D:3      | Reached skill level 5 in Armour
  2813 | D:4      | Found a sacrificial altar of Ru.
  2813 | D:4      | Found an iron altar of Okawaru.
  2822 | D:4      | Became a worshipper of Warmaster Okawaru
  2843 | D:4      | Reached XP level 7. HP: 45/61 MP: 6/6
  2931 | D:4      | Found an opulent altar of Gozag.
  2995 | D:4      | Reached skill level 6 in Axes
  2995 | D:4      | Reached skill level 1 in Throwing
  3518 | D:5      | Entered Level 5 of the Dungeon
  3608 | D:5      | Reached skill level 1 in Invocations
  3634 | D:5      | Reached * piety under Okawaru
  3791 | D:5      | Identified the +0 quarterstaff "Mujap" {heavy, Will+}
  3878 | D:5      | Reached skill level 7 in Axes
  3878 | D:5      | Reached XP level 8. HP: 66/70 MP: 8/8
  3942 | D:5      | Reached ** piety under Okawaru
  4224 | D:5      | Identified a scroll of acquirement
  4224 | D:5      | Acquired the ring "Lutsiwie" {Drain rC++ Will+ Str+2
                  | Stlth+}
  4431 | D:6      | Found Yffurim's Assorted Antiques.
  4434 | D:6      | Bought a scroll labelled QINEB HARRUKU for 29 gold pieces
  4434 | D:6      | Bought a scroll labelled VENOUL ITESEAMO for 29 gold pieces
  4434 | D:6      | Bought a scroll labelled ZUSI RYIMEBAANG for 29 gold pieces
  4760 | D:6      | Found a staircase to the Ecumenical Temple.
  4950 | D:6      | Found a snail-covered altar of Cheibriados.
  4978 | D:6      | Found an ornate altar of the Wu Jian Council.
  5168 | D:7      | Found a flagged portal.
  5179 | Bailey   | Entered a bailey
  5184 | Bailey   | Noticed an orc warlord
  5246 | Bailey   | Reached skill level 8 in Axes
  5287 | Bailey   | Noticed an orc knight
  5298 | Bailey   | Killed an orc knight
  5298 | Bailey   | Reached *** piety under Okawaru
  5299 | Bailey   | Reached XP level 9. HP: 72/78 MP: 7/10
  5308 | Bailey   | Noticed an orc knight
  5326 | Bailey   | Killed an orc knight
  5327 | Bailey   | Reached skill level 9 in Axes
  5377 | Bailey   | Found a runed translucent gate.
  5377 | Bailey   | Found a runed translucent gate.
  5393 | Bailey   | Found a runed translucent gate.
  5451 | Bailey   | Killed an orc warlord
  5451 | Bailey   | Reached **** piety under Okawaru
  5476 | Bailey   | Acquired the +4 consecrated labrys {holy, Valiant Fragile
                  | Fly SInv}
  5476 | Bailey   | Found the +4 consecrated labrys {holy, Valiant Fragile Fly
                  | SInv}
  5628 | D:7      | Found a runed translucent door.
  5766 | D:7      | Acquired a +2 vampiric broad axe
  5811 | D:7      | Reached XP level 10. HP: 88/88 MP: 12/12
  5916 | D:7      | Reached skill level 10 in Axes
  6385 | D:7      | Noticed demibob's ghost (novice DsVM)
  6399 | D:7      | Killed demibob's ghost
  6400 | D:7      | Reached skill level 5 in Throwing
  6746 | D:8      | Reached skill level 5 in Invocations
  6891 | D:8      | Found a runed translucent door.
  6893 | D:8      | Noticed FacelessVoid's ghost (novice KoBr)
  6926 | D:8      | Reached ***** piety under Okawaru
  6933 | D:8      | Reached skill level 11 in Axes
  7118 | D:8      | Killed FacelessVoid's ghost
  7118 | D:8      | Received a gift from Okawaru
  7175 | D:8      | Noticed Pikel
  7182 | D:8      | Killed Pikel
  7232 | D:8      | Reached XP level 11. HP: 95/95 MP: 14/14
  7430 | D:8      | Noticed Maurice
  7439 | D:8      | Killed Maurice
  7685 | D:1      | Bought a scroll of enchant weapon for 75 gold pieces
  7877 | D:9      | Noticed a two-headed ogre
  7889 | D:9      | Killed a two-headed ogre
  7889 | D:9      | Received a gift from Okawaru
  8044 | D:9      | Noticed a two-headed ogre
  8045 | D:9      | Noticed a two-headed ogre
  8052 | D:9      | Killed a two-headed ogre
  8053 | D:9      | Killed a two-headed ogre
  8054 | D:9      | Reached skill level 12 in Axes
  8739 | D:10     | Entered Level 10 of the Dungeon
  8767 | D:10     | Noticed Maggie
  8776 | D:10     | Killed Maggie
  8820 | D:10     | Noticed a death yak
  8822 | D:10     | Found a staircase to the Lair.
  8822 | D:10     | Noticed a death yak
  8823 | D:10     | Noticed a death yak
  8828 | D:10     | Killed a death yak
  8836 | D:10     | Killed a death yak
  8836 | D:10     | Identified the +3 hat of Autumn {*Corrode Dex+4} (Okawaru
                  | gifted it to you on level 10 of the Dungeon)
  8836 | D:10     | Received a gift from Okawaru
  8842 | D:10     | Killed a death yak
  8982 | D:10     | Found a runed translucent gate.
  8982 | D:10     | Found a runed translucent gate.
  8982 | D:10     | Found a runed translucent gate.
  8983 | D:10     | Noticed Newt's ghost (journeyman KoHu)
  9001 | D:10     | Killed Newt's ghost
  9058 | D:10     | Found a staircase to the Orcish Mines.
  9176 | D:10     | Reached skill level 10 in Shields
  9182 | D:10     | Reached XP level 12. HP: 101/106 MP: 16/16
  9248 | D:10     | Reached skill level 13 in Axes
  9291 | D:10     | Reached skill level 10 in Fighting
  9499 | Lair:1   | Entered Level 1 of the Lair of Beasts
  9648 | Lair:1   | Reached skill level 10 in Armour
  9722 | Lair:1   | You are sucked into a shaft and drop 1 floor!
  9799 | Lair:2   | Reached ****** piety under Okawaru
  9880 | Lair:2   | Noticed Erica
  9888 | Lair:2   | Killed Erica
 10026 | Lair:1   | Noticed a catoblepas
 10155 | Lair:1   | Killed a catoblepas
 10596 | Lair:2   | Noticed a six-headed hydra
 10609 | Lair:2   | Killed a two-headed hydra
 10609 | Lair:2   | Received a gift from Okawaru
 10689 | Lair:2   | Reached skill level 14 in Axes
 10766 | Lair:2   | Received a gift from Okawaru
 10955 | Lair:2   | Noticed a six-headed hydra
 10966 | Lair:2   | Killed a one-headed hydra
 11047 | Lair:2   | Noticed a boulder beetle
 11055 | Lair:2   | Killed a boulder beetle
 11209 | Lair:3   | Received a gift from Okawaru
 11255 | Lair:3   | Found a staircase to the Snake Pit.
 11285 | Lair:3   | Noticed a minotaur
 11286 | Lair:3   | Noticed Uroushin's ghost (journeyman GnEn)
 11329 | Lair:3   | Found a runed translucent gate.
 11329 | Lair:3   | Found a runed translucent gate.
 11331 | Lair:3   | Found a runed translucent gate.
 11365 | Lair:3   | Noticed Sonja
 11368 | Lair:3   | Killed Sonja
 11369 | Lair:3   | Reached XP level 13. HP: 106/115 MP: 18/18
 11633 | Lair:3   | Found a staircase to the Swamp.
 12355 | Lair:4   | Received a gift from Okawaru
 12403 | Lair:4   | Reached skill level 15 in Axes
 12406 | Lair:4   | Identified the +1 crystal plate armour of Okawaru's
                  | Inspiration {rPois rN+ Int+3} (Okawaru gifted it to you on
                  | level 4 of the Lair of Beasts)
 12406 | Lair:4   | Received a gift from Okawaru
 12639 | Lair:4   | Slain by a skyshark

Illustrated notes

Levels and vault maps discovered:
D:1:      dpeg_arrival_stone_temple_mockup, layout_basic, serial_shops, shop,
          shop_statue, shop_statue, nicolae_shop_advertising_works
          [nicolae_subvault_shop_adworks], nicolae_shop_bloodbath_and_beyond,
          minmay_lizard_king
D:2:      layout_loops_ring, serial_shops, nicolae_lakefront_shop,
          minmay_pentomino_pile, uniq_sigmund
D:3:      layout_loops_ring
D:4:      layout_cave_pods, grunt_gozag_statues,
          mainiacjoe_overflow_divided_tiny
D:5:      minmay_angry_zag, layout_gridville
D:6:      layout_basic, mainiacjoe_overflow_two_lobes,
          minmay_temple_entry_slanted, serial_shops, nicolae_stop_n_shop_2,
          hangedman_decor_growths
D:7:      layout_layer_cave, enter_bailey_3, ebering_ghost_reflecting_pool
D:8:      layout_loops_cross, ebering_ghost_inner_flame, serial_bayou_lake_a,
          uniq_pikel, uniq_maurice
D:9:      layout_long_grid, lightli_fourway_metalbox
D:10:     hangedman_cross_stitches, layout_cave_pools, dpeg_lair_monsters,
          minmay_orc_entry_temple_small, ebering_ghost_rock_garden, uniq_maggie
Lair:1:   layout_concentric_octagons, grunt_forest_large_clearing_hut,
          lemuel_fruit_tree
Lair:2:   layout_chaotic_city, uniq_erica
Lair:3:   minmay_lair_oklob_chamber, layout_long_grid, minmay_swamp_entry_swarm,
          dummy_snake_entry, maelrawn_ghost_gauntlet_escape, grunt_megastairs_2,
          uniq_sonja
Lair:4:   layout_hall_layers

Skill      XL: |  1  2  3  4  5  6  7  8  9 10 11 12 13 |
---------------+----------------------------------------+-----
Axes           | 3 4 5 7 8 9 11 12 14 15 | 15.4
Fighting       | 4 5 6 7 8 9 10 11 | 11.6
Shields        | 4 5 7 8 10 11 | 11.7
Armour         | 4 5 6 7 8 9 10 11 | 11.7
Throwing       | 2 3 4 5 7 8 |  8.8
Invocations    | 1 3 4 5 6 8 |  8.7

Action                     |  1- 3 |  4- 6 |  7- 9 | 10-12 | 13-15 || total
---------------------------+-------+-------+-------+-------+-------++-------
  Melee: War axe           |    62 |   133 |   203 |       |       ||   398
         Headbutt          |     9 |    14 |    33 |    82 |    40 ||   178
         Labrys            |       |       |    16 |   342 |       ||   358
         Broad axe         |       |       |       |    90 |   134 ||   224
  Throw: Boomerang         |       |     4 |     3 |     4 |     6 ||    17
 Invoke: Heroism           |       |       |     3 |     7 |     2 ||    12
         Finesse           |       |       |       |     1 |     2 ||     3
    Use: Scroll            |       |     2 |    18 |    17 |     2 ||    39
         Potion            |       |       |     1 |     1 |     2 ||     4
   Stab: Petrified         |       |       |       |     2 |       ||     2
 Armour: Scale mail        |    40 |    64 |       |       |       ||   104
         Plate armour      |       |    49 |   102 |       |       ||   151
         Chain mail        |       |       |    65 |   304 |    81 ||   450
         Crystal plate arm |       |       |       |       |    51 ||    51
  Dodge: Dodged            |    22 |    73 |    75 |   191 |    66 ||   427
  Block: Buckler           |    12 |    49 |    57 |   149 |    52 ||   319

Table legend: (Time is in decaauts)
 A = Elapsed time spent in this place.
 B = Non-inter-level travel time spent in this place.
 C = Inter-level travel time spent in this place.
 D = Time resting spent in this place.
 E = Time spent auto-exploring this place.
 F = Levels seen in this place.
 G = Mean time per level.
                   A        B        C        D        E       F      G
               +--------+--------+--------+--------+--------+-----+--------+
         Total |  12686 |  12000 |    686 |    189 |   8116 |  15 |  845.7 |
       Dungeon |   9258 |   8628 |    630 |     83 |   6145 |  10 |  925.8 |
          Lair |   3095 |   3039 |     56 |     49 |   1971 |   4 |  773.8 |
        Bailey |    333 |    333 |      0 |     57 |      0 |   1 |  333.0 |
               +--------+--------+--------+--------+--------+-----+--------+

Top non-repeatable levels by time:
     D:7: 1249 daAuts
  Lair:3: 1146 daAuts
     D:2: 1119 daAuts
     D:1: 1080 daAuts
     D:5: 966 daAuts
     D:8: 915 daAuts
     D:4: 908 daAuts
     D:9: 875 daAuts
  Lair:1: 849 daAuts
  Lair:2: 831 daAuts
    D:10: 754 daAuts
     D:6: 744 daAuts
     D:3: 643 daAuts
  Bailey: 333 daAuts
  Lair:4: 267 daAuts
